 Dungeon Crawl Stone Soup version 0.31-a0-1-g4198be8af4 (webtiles) character file.

Game seed: 9156767412451911948

520 scionoferis the Cudgeller (level 7, -4/62 HPs)
             Began as a Ghoul Berserker on May 1, 2023.
             Was a Believer of Trog.
             Slain by an ogre
             ... wielding a +0 giant spiked club
              (26 damage)
             ... on level 4 of the Dungeon.
             The game lasted 00:09:19 (3453 turns).

scionoferis the Cudgeller (Ghoul Berserker)         Turns: 3453, Time: 00:09:20

Health: -4/62      AC:  9    Str: 20      XL:     7   Next: 21%
Magic:  6/6        EV:  8    Int:  3      God:    Trog [**....]
Gold:   128        SH:  5    Dex:  8 (10) Spells: 6/6 levels left

rFire   . . .        a - +0 flail
rCold   + . .        (no shield)
rNeg    + + +        w - +0 chain mail
rPois   ∞            g - +0 helmet
rElec   .            (no cloak)
rCorr   .            (no gloves)
SInv    +            (no boots)
Will    .....        h - amulet of reflection Stlth
                     f - ring of see invisible
HPRegen 0.00/turn    (no ring)
MPRegen 0.10/turn

%: reflection
@: inhibited regen
A: claws 1, cold resistance 1, negative energy resistance 3, inhibited
regeneration, torment resistance 2, devour on kill
a: Renounce Religion, Trog's Hand


You were on level 4 of the Dungeon.
You worshipped Trog.
Trog was pleased with you.
You visited 1 branch of the dungeon, and saw 5 of its levels.

You collected 243 gold pieces.
You spent 115 gold pieces at shops.


Innate Abilities, Weirdness & Mutations

You are immune to poison.
You have sharp fingernails.
Your flesh is cold resistant. (rC+)
You are immune to negative energy. (rN+++)
You do not regenerate when monsters are visible.
You are immune to unholy pain and torment.
You thrive by killing the living.


   Skills:
 + Level 5.7 Fighting
 * Level 6.1 Maces & Flails
 - Level 1.7 Armour
 - Level 1.7 Dodging


You had 6 spell levels left.
You didn't know any spells.
Your spell library was empty.

Inventory:

Hand Weapons
 a - a +0 flail (weapon)
   (You took it off an orc on level 3 of the Dungeon)
Missiles
 t - 24 poisoned darts (quivered)
Armour
 g - a +0 helmet (worn)
   (You found it on level 1 of the Dungeon)
 w - a +0 chain mail (worn)
   (You found it on level 4 of the Dungeon)
Jewellery
 f - a ring of see invisible (left claw)
   (You found it on level 1 of the Dungeon)
 h - an amulet of reflection (around neck)
   (You found it on level 1 of the Dungeon)
 i - a ring of fire
   (You found it on level 2 of the Dungeon)
 l - an amulet of guardian spirit
   (You found it on level 2 of the Dungeon)
 s - an amulet of regeneration
   (You found it on level 3 of the Dungeon)
Wands
 y - a wand of quicksilver (3)
   (You found it on level 5 of the Dungeon)
Scrolls
 k - a scroll of enchant weapon {unknown}
 m - 2 scrolls of teleportation
 n - 6 scrolls of identify
 q - a scroll of immolation {unknown}
 u - a scroll of poison {unknown}
 v - a scroll of fear {unknown}
Potions
 b - a potion of cancellation {unknown}
 c - 3 potions of invisibility
 d - 3 potions of heal wounds {unknown}
 e - 2 potions of haste {unknown}
 j - 2 potions of ambrosia {unknown}
 o - a potion of mutation {unknown}
 p - a potion of degeneration {unknown}
 r - 4 potions of attraction {unknown}
 x - a potion of flight {unknown}

Dungeon Overview and Level Annotations

Branches:
Dungeon (5/15)
 Temple: D:4-7

Altars:
Makhleb
Wu Jian

Shops:
D:2 *:*

Annotations:
D:5 Eustachio

##.)#.....#.# ###...#..#
##[.##.#.#.# ##...#.#..#
##....#.#.# #.[##.....#
###.)....###.##...##.#
### ##.[#.÷)..÷#..#...<#
#.### #...##.#....####..#
#...# #.#.##.#...## #..#
#.#.###### #.O..#...#.#
#..# #.#......#
##@#.#...#.# #..#
#.######.# #.......#.#
##.. #.# #.####
##........#### #.. #.#
#....# #......#....###..
#.## ####.#
#......###....... #..#
#.########..###.###..#
##.#
#......#......#.#####.
###.#
#########.#.####)........
..#.#
#....)...................


You could see an ogre.


Message History

The adder is heavily wounded.
The adder bites you but does no damage.
You closely miss the adder.
The adder is heavily wounded.
The adder barely misses you. You block the adder's attack.
You hit the adder.
The adder is almost dead.
You block the adder's attack.
You hit the adder but do no damage.
The adder is almost dead.
The adder completely misses you. The adder bites you but does no damage.
You miss the adder.
The adder is severely wounded.
The adder closely misses you.
You miss the adder.
The adder is severely wounded.
The adder bites you but does no damage. x2
You miss the adder.
The adder is severely wounded.
You block the adder's attack.
You hit the adder.
The adder is almost dead.
The adder completely misses you. The adder bites you.
You miss the adder.
The adder is almost dead.
You block the adder's attack.
You barely miss the adder.
The adder is almost dead.
You block the adder's attack. The adder misses you.
You barely miss the adder.
The adder is almost dead.
The adder bites you but does no damage. The adder misses you.
You hit the adder.
You kill the adder!
Trog accepts your kill.
You feel better.
Found a stone staircase leading down.
n - 2 scrolls labelled VUJ AJOVOFERO (gained 1)
Found a club.
Found a stone staircase leading up.
Found a stone staircase leading up.
A frilled lizard comes into view.
The frilled lizard hisses angrily.
The frilled lizard moves out of view.
A frilled lizard is nearby!
A bat comes into view.
You barely miss the frilled lizard. The frilled lizard barely misses you.
The bat barely misses you. The frilled lizard barely misses you.
You hit the frilled lizard.
You kill the frilled lizard!
Trog accepts your kill. The bat barely misses you.
You closely miss the bat. The bat hits you but does no damage.
You closely miss the bat. The bat hits you. The bat barely misses you.
You closely miss the bat. The bat closely misses you.
You block the bat's attack. The bat hits you but does no damage.
You miss the bat. The bat closely misses you.
You hit the bat but do no damage. The bat closely misses you.
You hit the bat.
You kill the bat!
Trog accepts your kill.
No target in view!
A goblin comes into view. It is wielding a +0 club.
Found a scroll labelled VUJ AJOVOFERO.
You completely miss the goblin. The goblin hits you with a +0 club.
You barely miss the goblin. You block the goblin's attack.
You hit the goblin.
The goblin is moderately wounded.
The goblin hits you but does no damage. The goblin closely misses you.
You closely miss the goblin.
The goblin is moderately wounded.
The goblin hits you with a +0 club.
You hit the goblin.
You kill the goblin!
Trog accepts your kill.
You feel better.
No target in view!
m - 3 scrolls labelled VIUPHEQOFU (gained 1)
n - 3 scrolls labelled VUJ AJOVOFERO (gained 1)
Found a stone staircase leading down.
e - 2 white potions (gained 1)
There is a stone staircase leading up here.
A hobgoblin comes into view.
The hobgoblin shouts!
A worm comes into view.
You hit the hobgoblin.
The hobgoblin is moderately wounded.
You block the hobgoblin's attack.
You barely miss the hobgoblin.
The hobgoblin is moderately wounded.
You block the hobgoblin's attack.
You hit the hobgoblin.
The hobgoblin is severely wounded.
You block the hobgoblin's attack.
You hit the hobgoblin.
You kill the hobgoblin!
Trog accepts your kill.
A worm comes into view.
You barely miss the worm. The worm bites you but does no damage.
You sock the worm!
The worm is heavily wounded.
You sock the worm!
The worm is almost dead.
The worm misses you.
You hit the worm.
The worm is almost dead.
You block the worm's attack.
You sock the worm!
You kill the worm!
Trog accepts your kill.
You barely miss the worm. The worm bites you!
You hit the worm.
The worm is moderately wounded.
The worm bites you.
You hit the worm but do no damage.
The worm is lightly wounded.
You sock the worm!
The worm is heavily wounded.
The worm bites you.
You barely miss the worm.
The worm is heavily wounded.
The worm completely misses you.
You hit the worm.
The worm is heavily wounded.
The worm barely misses you.
You sock the worm!
You kill the worm!
Trog accepts your kill.
An orc comes into view.
It is wielding a +0 trident and quivering poisoned darts.
There is a stone staircase leading up here.
You climb upwards.
There is a stone staircase leading down here.
You start resting.
HP restored.
You climb downwards.
There is a stone staircase leading up here.
There is a stone staircase leading up here.
The orc shouts!
The orc throws a poisoned dart.
The poisoned dart closely misses you. You block the orc's attack.
The orc misses you.
You sock the orc!
You kill the orc!
Trog accepts your kill.
No target in view!
No target in view!
t - 8 poisoned darts (gained 2)
You now have 140 gold pieces (gained 8).
You see here a +0 trident.
An orc comes into view. It is wielding a +0 flail.
The orc shouts!
You hit the orc but do no damage. The orc hits you with a +0 flail.
You barely miss the orc. The orc hits you but does no damage.
You closely miss the orc. You block the orc's attack.
You barely miss the orc. The orc barely misses you.
You hit the orc.
The orc is lightly wounded.
The orc hits you with a +0 flail. The orc closely misses you.
You hit the orc.
The orc is heavily wounded.
You block the orc's attack.
You completely miss the orc.
The orc is heavily wounded.
You block the orc's attack.
You barely miss the orc.
The orc is heavily wounded.
The orc closely misses you.
You closely miss the orc.
The orc is heavily wounded.
The orc closely misses you.
You closely miss the orc.
The orc is heavily wounded.
The orc hits you but does no damage. The orc closely misses you.
You hit the orc.
You kill the orc!
Trog accepts your kill.
No target in view!
Things that are here:
a +0 flail; a +0 leather armour
u - a +0 flail
u - a +0 flail (weapon)
Adjust to which letter? (? for menu, Esc to quit)
a - a +0 flail (weapon);
u - a +0 mace You drop a +0 mace.
HP restored.
t - 11 poisoned darts (gained 3)
Found a stone staircase leading down.
You now have 151 gold pieces (gained 11).
A ball python comes into view.
The ball python hisses angrily.
You sock the ball python!
You kill the ball python!
Trog accepts your kill.
No target in view!
t - 13 poisoned darts (gained 2)
You see here a +0 trident.
Done exploring.
Search for what [Enter for "d:", or ? for help]? d: You have 151 gold pieces.
Unknown command.
Search for what [Enter for "d:", or ? for help]? shop
There is a stone staircase leading up here.
You climb upwards.
There is a stone staircase leading down here.
There is an open door here.
You see here a +0 dagger.
There is an open door here.
There is an open door here.
There is an entrance to Junauke's Assorted Antiques here.
n - 4 scrolls labelled VUJ AJOVOFERO (gained 1)
r - 3 glowing inky potions (gained 2);
u - a scroll labelled LOFRURR NANU
v - a scroll labelled TAD PALAURPH Thank you for shopping at Junauke's Assorted Antiques!
(D) Dungeon
Where to? (Enter - D:2 @ (x,y), ? - help)
What level of the Dungeon? (default 1, ? - help)
There is an open door here.
There is an open door here.
You see here a +0 dagger.
There is an open door here.
There is a stone staircase leading down here.
You climb downwards.
There is a stone staircase leading up here.
There is a stone staircase leading down here.
You climb downwards.
Found a chain mail.
There is a stone staircase leading up here.
A hobgoblin and a hound come into view.
The hobgoblin shouts!
The hound barks!
You closely miss the hound. The hound bites you. The hound misses you.
You hit the hound.
The hound is heavily wounded.
You block the hound's attack. The hound completely misses you.
You barely miss the hound.
The hound is heavily wounded.
The hound bites you but does no damage.
You closely miss the hound.
The hound is heavily wounded.
The hound misses you. The hound bites you.
You barely miss the hound.
The hound is heavily wounded.
The hound closely misses you. x2
You closely miss the hound.
The hound is heavily wounded.
The hound bites you. The hound bites you but does no damage.
You barely miss the hound.
The hound is heavily wounded.
The hound bites you. The hound misses you.
You closely miss the hound.
The hound is heavily wounded.
The hound bites you but does no damage.
You barely miss the hound.
The hound is heavily wounded.
The hound bites you but does no damage. You block the hound's attack.
You sock the hound!
You kill the hound!
Trog accepts your kill.
You have reached level 5!
You feel stronger.
You closely miss the hobgoblin. You block the hobgoblin's attack.
The hobgoblin barely misses you.
You closely miss the hobgoblin.
The hobgoblin hits you but does no damage.
You hit the hobgoblin but do no damage. The hobgoblin misses you.
You barely miss the hobgoblin. The hobgoblin closely misses you.
You closely miss the hobgoblin.
The hobgoblin hits you but does no damage.
You barely miss the hobgoblin. You block the hobgoblin's attack.
The hobgoblin hits you but does no damage.
You barely miss the hobgoblin.
The hobgoblin hits you but does no damage.
You barely miss the hobgoblin.
The hobgoblin hits you but does no damage.
You hit the hobgoblin but do no damage. You block the hobgoblin's attack.
A goblin comes into view. It is wielding a +0 dagger.
You closely miss the hobgoblin.
The goblin shouts!
You block the hobgoblin's attack.
You closely miss the hobgoblin. The hobgoblin misses you.
You closely miss the hobgoblin. You block the hobgoblin's attack.
The hobgoblin hits you but does no damage.
You barely miss the hobgoblin. You block the hobgoblin's attack.
You hit the hobgoblin. Your claw misses the hobgoblin.
The hobgoblin is heavily wounded.
You block the hobgoblin's attack.
You sock the hobgoblin!
You kill the hobgoblin!
Trog accepts your kill.
You feel better.
You sock the goblin!
You kill the goblin!
Trog accepts your kill.
No target in view!
Things that are here:
a +0 dagger; a goblin corpse; a hound corpse
There is a stone staircase leading up here.
You climb upwards.
There is a stone staircase leading down here.
You start resting.
HP restored.
You climb downwards.
There is a stone staircase leading up here.
Found a black potion.
Found a stone staircase leading up.
A kobold comes into view. It is wielding a +0 short sword.
A kobold comes into view. It is wielding a +0 dagger.
The kobold shouts!
You see here a +0 chain mail.
w - a +0 chain mail An iguana comes into view.
There is a stone staircase leading up here.
You hit the kobold.
You kill the kobold!
Trog accepts your kill. The kobold closely misses you.
Things that are here:
a +0 short sword; a kobold corpse You closely miss the kobold.
The kobold barely misses you.
You barely miss the kobold. The kobold hits you but does no damage.
You hit the kobold.
You kill the kobold!
Trog accepts your kill.
You now have 50 gold pieces (gained 14).
You see here a +0 dagger.
Things that are here:
a +0 short sword; a kobold corpse
There is a stone staircase leading up here.
You climb upwards.
There is a stone staircase leading down here.
Okay, then.
You start removing your armour.
You continue taking off your +0 ring mail. x4
You finish taking off your +0 ring mail.
You start putting on your armour.
You continue putting on your +0 chain mail. x5
You finish putting on your +0 chain mail.
You drop a +0 ring mail.
There is a stone staircase leading down here.
You climb downwards.
There is a stone staircase leading up here.
Things that are here:
a +0 short sword; a kobold corpse You see here a +0 dagger.
The iguana hisses angrily.
The iguana hisses menacingly.
The iguana bites you.
You closely miss the iguana. The iguana bites you!
You hit the iguana.
The iguana is moderately wounded.
You block the iguana's attack.
You hit the iguana.
The iguana is heavily wounded.
You block the iguana's attack.
You hit the iguana but do no damage.
The iguana is heavily wounded.
The iguana barely misses you.
You barely miss the iguana.
The iguana is heavily wounded.
The iguana bites you but does no damage.
You completely miss the iguana.
The iguana is heavily wounded.
The iguana bites you. You block the iguana's attack.
You closely miss the iguana.
The iguana is heavily wounded.
The iguana barely misses you.
You closely miss the iguana.
The iguana is heavily wounded.
The iguana bites you but does no damage.
You sock the iguana!
The iguana is almost dead.
The iguana bites you!
You hit the iguana.
You kill the iguana!
Trog accepts your kill.
No target in view!
No target in view!
HP restored.
c - 3 black potions (gained 1)
Found a robe.
An orc comes into view. It is wielding a +0 whip.
The orc shouts!
You barely miss the orc. The orc closely misses you.
You barely miss the orc. The orc hits you with a +0 whip.
You barely miss the orc. You block the orc's attack.
The orc hits you but does no damage.
You sock the orc!
You kill the orc!
Trog accepts your kill.
You feel better.
No target in view!
Things that are here:
a +0 whip; a +0 leather armour
Found an ornate altar of the Wu Jian Council.
n - 5 scrolls labelled VUJ AJOVOFERO (gained 1)
You now have 62 gold pieces (gained 12).
Found a ring mail.
Found a dagger.
A scorpion comes into view.
Found a chain mail.
You hit the scorpion but do no damage.
The scorpion stings you but does no damage.
The scorpion barely misses you.
You barely miss the scorpion. The scorpion stings you.
You hit the scorpion.
The scorpion is lightly wounded.
The scorpion stings you but does no damage.
You barely miss the scorpion.
The scorpion is lightly wounded.
The scorpion closely misses you.
The scorpion stings you but does no damage.
You thump the scorpion!
The scorpion is severely wounded.
The scorpion stings you but does no damage.
You closely miss the scorpion.
The scorpion is severely wounded.
The scorpion stings you but does no damage.
The scorpion stings you.
You hit the scorpion.
The scorpion is almost dead.
The scorpion stings you but does no damage.
You hit the scorpion.
You kill the scorpion!
Trog accepts your kill.
Your Maces & Flails skill increases to level 5!
No target in view!
A hobgoblin comes into view.
It is wielding a +0 mace and quivering poisoned darts.
You hit the hobgoblin.
The hobgoblin is moderately wounded.
The hobgoblin closely misses you.
You barely miss the hobgoblin.
The hobgoblin is moderately wounded.
The hobgoblin hits you but does no damage.
You hit the hobgoblin.
The hobgoblin is severely wounded.
The hobgoblin barely misses you.
The hobgoblin hits you but does no damage.
You closely miss the hobgoblin.
The hobgoblin is heavily wounded.
The hobgoblin hits you with a +0 mace.
You barely miss the hobgoblin.
The hobgoblin is heavily wounded.
The hobgoblin hits you but does no damage.
You hit the hobgoblin.
You kill the hobgoblin!
Trog accepts your kill.
You feel better.
No target in view!
t - 19 poisoned darts (gained 6);
r - 4 glowing inky potions (gained 1)
n - 6 scrolls labelled VUJ AJOVOFERO (gained 1)
You see here a +0 mace.
You see here a +0 ring mail.
Found a stone staircase leading down.
Found a stone staircase leading down.
j - 2 coppery potions (gained 1)
A kobold comes into view.
It is wielding a +0 short sword and quivering poisoned darts.
Found a bubbling grey potion.
The kobold shouts!
You hear a shout!
The kobold throws a poisoned dart.
The poisoned dart closely misses you.
You barely miss the kobold. The kobold hits you but does no damage.
You barely miss the kobold. The kobold hits you but does no damage.
A ball python comes into view.
You closely miss the kobold.
The ball python hisses angrily.
The kobold hits you but does no damage. You block the kobold's attack.
You hit the kobold but do no damage. The kobold closely misses you.
You closely miss the kobold. The kobold barely misses you.
You hit the kobold.
The kobold is moderately wounded.
The kobold hits you but does no damage.
You barely miss the kobold.
The kobold is moderately wounded.
The kobold hits you but does no damage.
You hit the ball python.
You kill the ball python!
Trog accepts your kill. The kobold hits you but does no damage.
You closely miss the kobold. The kobold barely misses you.
You hit the kobold.
The kobold is heavily wounded.
You block the kobold's attack. The kobold hits you but does no damage.
You completely miss the kobold. Your claw misses the kobold.
The kobold is heavily wounded.
The kobold barely misses you.
You thump the kobold!
You kill the kobold!
Trog accepts your kill.
No target in view!
You see here a ball python corpse.
t - 24 poisoned darts (gained 5)
You see here a +0 short sword.
A hobgoblin comes into view.
You see here a ball python corpse.
A hobgoblin is nearby!
You see here a +0 short sword.
Found a scale mail.
The hobgoblin closely misses you.
You hit the hobgoblin but do no damage. The hobgoblin closely misses you.
You barely miss the hobgoblin.
The hobgoblin hits you but does no damage.
You barely miss the hobgoblin.
The hobgoblin hits you but does no damage.
You thump the hobgoblin!
You kill the hobgoblin!
Trog accepts your kill.
You have reached level 6!
You see here a +0 scale mail.
You see here a +0 short sword.
You see here a ball python corpse.
b - a bubbling grey potion
There is a stone staircase leading down here.
A kobold comes into view. It is wielding a +0 dagger.
The kobold shouts!
You closely miss the kobold.
The kobold hits you but does no damage. x2
You barely miss the kobold. You block the kobold's attack.
You closely miss the kobold. You block the kobold's attack.
You sock the kobold!
You kill the kobold!
Trog accepts your kill.
No target in view!
No target in view!
Things that are here:
a +0 dagger; a kobold corpse A quokka comes into view.
The quokka moves out of view.
A quokka is nearby!
You closely miss the quokka.
The quokka bites you but does no damage.
The quokka twitches its whiskers.
The quokka bites you but does no damage.
You sock the quokka!
You kill the quokka!
Trog accepts your kill.
No target in view!
Found a stone staircase leading up.
A ball python comes into view.
The ball python closely misses you. You block the ball python's attack.
You closely miss the ball python. The ball python barely misses you. x2
You closely miss the ball python.
The ball python bites you but does no damage.
The ball python barely misses you.
You closely miss the ball python. The ball python bites you.
The ball python grabs you. The ball python constricts you.
The ball python barely misses you. The ball python constricts you.
You closely miss the ball python. The ball python bites you.
The ball python constricts you.
You thump the ball python!
You kill the ball python!
Trog accepts your kill.
No target in view!
No target in view!
You see here a ball python corpse.
Found a book of Dangerous Friends.
n - 7 scrolls labelled VUJ AJOVOFERO (gained 1)
An adder comes into view.
Found a dagger.
The adder hisses angrily.
You miss the adder. The adder barely misses you.
You barely miss the adder. The adder bites you. The adder barely misses you.
You thump the adder!
The adder is almost dead.
The adder bites you but does no damage.
You sock the adder!
You kill the adder!
Trog accepts your kill.
No target in view!
No target in view!
No target in view!
Found a stone staircase leading down.
Found a scale mail.
Natasha, Servant of Life and Death comes into view.
She is carrying a wand of flame (14).
Natasha hisses angrily.
Found a sapphire potion.
Natasha casts a spell at you.
You feel yourself slow down.
Your skin crawls.
You feel strong-willed.
Natasha zaps a wand.
The puff of flame hits you.
A worm comes into view.
Natasha wildly gestures.
Natasha shimmers violently.
Natasha claws you but does no damage.
You closely miss Natasha. Natasha claws you but does no damage.
Natasha zaps a wand.
The puff of flame misses you.
You barely miss Natasha. You block Natasha's attack. Natasha claws you.
You closely miss Natasha. You claw Natasha, but do no damage.
Natasha barely misses you.
You sock Natasha!
Natasha is severely wounded.
Natasha zaps a wand.
The puff of flame hits you. Natasha casts a spell at you.
The magic dart hits you.
You sock Natasha!
You kill Natasha!
Trog accepts your kill.
Trog appreciates your killing of a magic user.
You feel better.
Natasha growls in agony!
Your Fighting skill increases to level 5!
You hit the worm.
The worm is moderately wounded.
The worm barely misses you.
You hit the worm but do no damage.
The worm is moderately wounded.
You feel the effects of Trog's Hand fading.
The worm bites you.
You thump the worm!
The worm is almost dead.
The worm bites you but does no damage.
You barely miss the worm. You claw the worm.
The worm is almost dead.
You feel yourself speed up. You block the worm's attack.
You sock the worm!
You kill the worm!
Trog accepts your kill.
Your skin stops crawling.
You feel less strong-willed.
You see here a worm corpse.
You now have 72 gold pieces (gained 10).
You see here a +0 scale mail.
x - a sapphire potion Natasha, Servant of Life and Death comes into view.
She is carrying a wand of flame (11).
Natasha hisses angrily.
Natasha zaps a wand.
The puff of flame hits you but does no damage.
Press: ? - help, v - describe, . - travel
Here: Natasha, carrying a wand of flame (10)
The floor.
Your skin crawls.
You feel strong-willed.
Natasha mumbles some strange words.
You sock Natasha!
Natasha is severely wounded.
Natasha mumbles some strange words.
The cerulean imp hits you but does no damage.
You hit Natasha.
Natasha is almost dead.
Natasha casts a spell at you.
The magic dart hits you but does no damage.
The cerulean imp barely misses you.
You sock Natasha!
You kill Natasha!
Trog accepts your kill.
Trog appreciates your killing of a magic user.
Natasha growls in agony!
The cerulean imp disappears in a puff of smoke! x2
You see here the felid corpse of Natasha.
You feel the effects of Trog's Hand fading.
A hobgoblin comes into view.
The hobgoblin shouts!
You hear an angry hiss.
An adder comes into view.
The hobgoblin moves out of view.
You barely miss the adder. You claw the adder.
The adder is heavily wounded.
You block the adder's attack.
You hit the adder.
The adder is almost dead.
You block the adder's attack. The adder bites you.
You hit the adder.
You kill the adder!
Trog accepts your kill.
You feel better.
Your skin stops crawling.
You feel less strong-willed.
You barely miss the hobgoblin. The hobgoblin closely misses you.
You sock the hobgoblin!
You kill the hobgoblin!
Trog accepts your kill.
No target in view!
You see here a hobgoblin corpse.
You see here an adder corpse.
You see here a hobgoblin corpse.
You see here a +0 dagger.
You see here a +0 short sword.
There is a stone staircase leading up here.
You see here a +0 dagger.
Done exploring.
Done exploring.
You have 72 gold pieces.
There is a stone staircase leading down here.
There is a stone staircase leading down here.
You climb downwards.
The adder hisses angrily.
The howler monkey howls!
Found 13 gold pieces.
Found an escape hatch in the ceiling.
There is a stone staircase leading up here.
You block the howler monkey's attack.
You climb upwards.
There is a stone staircase leading down here.
You barely miss the howler monkey. The howler monkey barely misses you.
You closely miss the howler monkey.
The howler monkey hoots and howls with incredible vigour!
You barely miss the howler monkey. The howler monkey hits you.
The howler monkey barely misses you.
You hit the howler monkey.
The howler monkey is lightly wounded.
The howler monkey hits you.
You barely miss the howler monkey.
The howler monkey completely misses you.
You completely miss the howler monkey.
You block the howler monkey's attack. x2
You hit the howler monkey.
The howler monkey is lightly wounded.
The howler monkey hits you but does no damage.
You barely miss the howler monkey.
The howler monkey is lightly wounded.
The howler monkey hits you but does no damage.
You closely miss the howler monkey.
The howler monkey is lightly wounded.
The howler monkey hits you but does no damage.
The howler monkey hits you.
You hit the howler monkey.
The howler monkey is lightly wounded.
The howler monkey hoots and howls with incredible vigour!
You sock the howler monkey!
The howler monkey is heavily wounded.
The howler monkey hits you but does no damage.
The howler monkey barely misses you.
You hit the howler monkey.
The howler monkey is severely wounded.
The howler monkey hits you.
You closely miss the howler monkey.
The howler monkey is severely wounded.
The howler monkey barely misses you.
You barely miss the howler monkey.
The howler monkey is severely wounded.
The howler monkey hoots and howls with incredible vigour!
The howler monkey hits you but does no damage.
You hit the howler monkey.
You kill the howler monkey!
Trog accepts your kill.
No target in view!
You start resting.
HP restored.
You climb downwards.
The water moccasin bites you but does no damage.
You block the adder's attack. You block the water moccasin's attack.
The adder bites you but does no damage.
There is a stone staircase leading up here.
You closely miss the water moccasin. The water moccasin bites you.
You block the adder's attack. The water moccasin bites you!
You closely miss the water moccasin. The adder barely misses you.
The water moccasin bites you! The adder bites you.
You barely miss the water moccasin. The water moccasin bites you.
The adder barely misses you.
The water moccasin bites you but does no damage.
You miss the water moccasin. The adder bites you but does no damage.
The water moccasin bites you. You block the adder's attack.
You barely miss the water moccasin. The water moccasin barely misses you.
The adder bites you but does no damage.
The water moccasin bites you but does no damage.
You thump the water moccasin!
The water moccasin is heavily wounded.
The adder closely misses you. The water moccasin bites you.
The adder bites you but does no damage.
You closely miss the water moccasin.
The water moccasin is heavily wounded.
The water moccasin bites you but does no damage.
The adder bites you but does no damage.
The water moccasin bites you but does no damage.
You closely miss the water moccasin.
The water moccasin is heavily wounded.
The adder bites you but does no damage. The water moccasin bites you.
The adder closely misses you.
You sock the water moccasin!
The water moccasin is severely wounded.
The water moccasin bites you but does no damage.
The adder closely misses you. The water moccasin bites you.
You hit the water moccasin.
You kill the water moccasin!
Trog accepts your kill.
You feel better. The adder bites you but does no damage.
You have reached level 7!
You closely miss the adder. The adder bites you.
The adder bites you but does no damage.
You hit the adder.
The adder is moderately wounded.
The adder barely misses you.
You hit the adder.
The adder is moderately wounded.
You block the adder's attack. x2
You sock the adder!
You kill the adder!
Trog accepts your kill.
You feel better.
You climb upwards.
There is a stone staircase leading down here.
You start resting.
HP restored.
You climb downwards.
There is a stone staircase leading up here.
You now have 85 gold pieces (gained 13).
Found a stone staircase leading up.
Found a stone staircase leading down.
You now have 103 gold pieces (gained 18).
Found a robe.
y - a wand of quicksilver (3)
An adder comes into view.
The adder hisses angrily.
A sourceless malevolence fills the Dungeon...
With a horrendous wail, an alarm goes off!
A sentinel's mark forms upon you.
You hear a shout! x2; You hear an angry hiss. x2; You hear a shout! x14
You miss the adder. The adder bites you but does no damage.
You miss the adder. You block the adder's attack.
The adder bites you but does no damage.
You sock the adder!
You kill the adder!
Trog accepts your kill.
Your Maces & Flails skill increases to level 6!
You see here an adder corpse.
You can't go up here!
A jackal zombie comes into view.
Eustachio the Magnificent comes into view.
He is wielding a +0 falchion.
The jackal zombie bites you but does no damage.
Eustachio casts a spell.
Eustachio blinks!
A jelly comes into view.
An ufetubus comes into view.
Your skin crawls.
You feel strong-willed.
The jackal zombie bites you but does no damage.
Eustachio mumbles some strange words.
The jackal zombie closely misses you.
You hit the jackal zombie.
The jackal zombie is moderately damaged.
Eustachio gestures wildly while chanting.
Eustachio blinks!
The jackal zombie completely misses you.
You sock the jackal zombie!
You destroy the jackal zombie!
Trog accepts your kill.
You sock the jelly!
Your claws burn!
The jelly is heavily wounded.
You block the ufetubus's attack. The ufetubus hits you. The jelly hits you.
You are splashed with acid!
You hit the jelly. The acid corrodes you!
Your claws burn!
The jelly is severely wounded.
The ufetubus hits you but does no damage. x2
You block the ufetubus's attack. The ufetubus closely misses you.
You block the jelly's attack.
You sock the jelly!
You kill the jelly!
Trog accepts your kill. The bat hits you but does no damage.
The ufetubus hits you but does no damage.
The ufetubus barely misses you. The ufetubus hits you.
You block the ufetubus's attack.
Eustachio screams, "At last I'll have my revenge!"
Eustachio drinks a potion.
Eustachio flickers and vanishes for a moment.
The bat barely misses you. x2
Eustachio mumbles some strange words.
An iguana comes into view.
The bat hits you but does no damage. You block the ufetubus's attack.
The ufetubus hits you but does no damage.
The ufetubus attacks as you move away! You block the ufetubus's attack.
The ufetubus hits you but does no damage.
The bat closely misses you. The bat hits you.
Eustachio mumbles some strange words.
Eustachio blinks!
The sentinel's mark upon you fades away.
You feel the effects of Trog's Hand fading.
The bat hits you but does no damage. You block the quasit's attack.
The quasit barely misses you.
The quasit claws you but does no damage.
The bat hits you but does no damage. The iron imp barely misses you.
An ogre comes into view. It is wielding a +0 giant spiked club.
Okay, then.
As you read the scroll labelled VUJ AJOVOFERO, it crumbles to dust.
It is a scroll of identify.
m - 3 scrolls of teleportation The bat barely misses you. x2; The quasit misses you.
The quasit closely misses you. You block the quasit's attack.
You block the bat's attack.
The iron imp hits you but does no damage.
The quasit closely misses you. The quasit barely misses you.
You block the quasit's attack.
Unknown command.
As you read the scroll of teleportation, it crumbles to dust.
You feel strangely unstable. The bat hits you but does no damage.
The quasit bites you but does no damage.
The quasit claws you but does no damage. x2
The iron imp barely misses you.
You hit the ufetubus.
The ufetubus is severely wounded.
You block the ufetubus's attack.
The ufetubus hits you but does no damage.
The quasit bites you but does no damage.
The quasit claws you.
You feel clumsy. The quasit closely misses you.
You closely miss the ufetubus.
The ufetubus is severely wounded.
You block the ufetubus's attack. x2; The quasit barely misses you.
The quasit claws you.
You feel clumsy. The quasit closely misses you.
The iron imp closely misses you.
The ufetubus hits you but does no damage. x2
Eustachio casts a spell.
Eustachio blinks!
The quasit barely misses you. x2; The quasit claws you.
You sock the ufetubus!
You kill the ufetubus!
Trog accepts your kill. You block the bat's attack.
The quasit bites you but does no damage.
The quasit claws you but does no damage.
You block the quasit's attack.
Eustachio casts a spell.
An ogre comes into view. It is wielding a +0 giant club.
The iron imp hits you!
Your surroundings suddenly seem different.
Your skin stops crawling.
You feel less strong-willed.
Unknown command.
You start resting.
You are no longer corroded.
You start resting.
HP restored.
There is a shaft here.
A gnoll comes into view. It is wielding a +0 flail.
Found a whip.
The gnoll shouts!
You start waiting.
A gnoll is nearby!
You closely miss the gnoll. The gnoll hits you with a +0 flail!
You barely miss the gnoll. You block the gnoll's attack.
You barely miss the gnoll. You claw the gnoll.
The gnoll is moderately wounded.
The gnoll barely misses you.
You barely miss the gnoll.
The gnoll is moderately wounded.
The gnoll barely misses you.
You sock the gnoll!
You kill the gnoll!
Trog accepts your kill.
You feel better.
Things that are here:
a +0 flail; a gnoll corpse A gnoll comes into view.
It is wielding a +0 rapier.
You start resting.
A gnoll is nearby!
You completely miss the gnoll. The gnoll hits you but does no damage.
You hit the gnoll.
The gnoll is lightly wounded.
The gnoll barely misses you.
You barely miss the gnoll.
The gnoll is lightly wounded.
The gnoll barely misses you.
You barely miss the gnoll.
The gnoll is lightly wounded.
The gnoll hits you with a +0 rapier!
You barely miss the gnoll.
The gnoll is lightly wounded.
The gnoll hits you with a +0 rapier.
You sock the gnoll!
The gnoll is heavily wounded.
The gnoll hits you with a +0 rapier.
You hit the gnoll but do no damage.
The gnoll is heavily wounded.
The gnoll barely misses you.
You sock the gnoll!
You kill the gnoll!
Trog accepts your kill.
You feel better.
You start resting.
HP restored.
Items here: )) ††.
You now have 114 gold pieces (gained 11).
You see here a +0 whip.
Found a stone staircase leading down.
You now have 128 gold pieces (gained 14).
Found a stone staircase leading up.
Found a scale mail.
Found a stone staircase leading down.
A gnoll comes into view. It is wielding a +0 whip.
There is a stone staircase leading up here.
The ogre shouts!
You barely miss the gnoll. The gnoll hits you but does no damage.
You thump the gnoll!
You kill the gnoll!
Trog accepts your kill.
An ogre comes into view. It is wielding a +0 giant club.
The ogre shouts!
Things that are here:
a +0 whip; a gnoll corpse
There is a stone staircase leading up here.
You barely miss the ogre. The ogre barely misses you.
You hit the ogre but do no damage. You hit the ogre.
The ogre is lightly wounded.
The ogre hits you with a +0 giant spiked club!!
A hound comes into view.
The hound barks!
The ogre hits you with a +0 giant spiked club!!
You climb upwards.
There is a stone staircase leading down here.
You sock the ogre!
The ogre is moderately wounded.
You barely miss the ogre.
The ogre is moderately wounded.
The ogre barely misses you.
You hit the ogre.
The ogre is heavily wounded.
The ogre hits you with a +0 giant spiked club!!
You die...

Skill      XL: |  1  2  3  4  5  6  7 |
---------------+----------------------+-----
Maces & Flails | 3 4 5 6 |  6.1
Fighting       | 4 5 |  5.7
Armour         | |  1.7
Dodging        | |  1.7

Action                     |  1- 3 |  4- 6 |  7- 9 || total
---------------------------+-------+-------+-------++-------
  Melee: Mace              |   132 |    84 |       ||   216
         Punch             |     1 |     4 |     1 ||     6
         Flail             |       |   133 |    36 ||   169
 Invoke: Trog's Hand       |       |     2 |     1 ||     3
    Use: Scroll            |       |       |     2 ||     2
 Armour: Animal skin       |    16 |       |       ||    16
         Ring mail         |    30 |    37 |       ||    67
         Leather armour    |     1 |       |       ||     1
         Chain mail        |       |    51 |    28 ||    79
  Dodge: Dodged            |    53 |    93 |    30 ||   176
  Block: Other             |    16 |    48 |    19 ||    83

Levels and vault maps discovered:
D:1:      roderic_chinese_lattice_arrival, layout_loops_ring
D:2:      layout_basic, shapermc_ecumenical_altar_mp_urbaneastern, serial_shops,
          nicolae_shop_mannequins, nicolae_shop_hallway_stairs, shop
D:3:      layout_rooms, bloody_makhleb
D:4:      layout_rooms, nzn_wu_jian_council_hall,
          hangedman_abyss_or_decor_passed, uniq_natasha
D:5:      layout_layer_cave, dk_yredelemnul_ordeal, st_stairs_11, uniq_ijyb,
          uniq_eustachio, uniq_crazy_yiuf_cottage

Notes
Turn   | Place    | Note
-------+----------+-------------------------------------------
     0 | D:1      | scionoferis the Ghoul Berserker began the quest for the
                  | Orb.
     0 | D:1      | Reached XP level 1. HP: 19/19 MP: 0/0
   137 | D:1      | Reached skill level 3 in Maces & Flails
   168 | D:1      | Reached XP level 2. HP: 25/26 MP: 1/1
   840 | D:2      | Found Voishron's Book Shoppe.
   841 | D:2      | Noticed a walking crystal tome
   841 | D:2      | Noticed a walking divine tome
   892 | D:2      | Reached XP level 3. HP: 27/33 MP: 2/2
   949 | D:2      | Found a faded altar of an unknown god.
  1234 | D:2      | Reached skill level 4 in Fighting
  1321 | D:2      | Found Junauke's Assorted Antiques.
  1367 | D:2      | Reached ** piety under Trog
  1406 | D:2      | Reached XP level 4. HP: 40/40 MP: 3/3
  1461 | D:2      | Found Kittadwi's General Store.
  1627 | D:3      | Found a burning altar of Makhleb.
  1660 | D:3      | Reached skill level 4 in Maces & Flails
  2196 | D:2      | Bought a scroll labelled VUJ AJOVOFERO for 24 gold pieces
  2196 | D:2      | Bought 2 glowing inky potions for 43 gold pieces
  2196 | D:2      | Bought a scroll labelled LOFRURR NANU for 24 gold pieces
  2196 | D:2      | Bought a scroll labelled TAD PALAURPH for 24 gold pieces
  2253 | D:4      | Reached XP level 5. HP: 33/47 MP: 4/4
  2462 | D:4      | Found an ornate altar of the Wu Jian Council.
  2516 | D:4      | Reached skill level 5 in Maces & Flails
  2595 | D:4      | Reached XP level 6. HP: 55/55 MP: 5/5
  2738 | D:4      | Noticed Natasha
  2746 | D:4      | Killed Natasha
  2747 | D:4      | Reached skill level 5 in Fighting
  2825 | D:4      | Noticed Natasha
  2831 | D:4      | Killed Natasha
  2931 | D:5      | Entered Level 5 of the Dungeon
  2931 | D:5      | Noticed a water moccasin
  3013 | D:5      | Killed a water moccasin
  3014 | D:5      | Reached XP level 7. HP: 26/61 MP: 6/6
  3208 | D:5      | Reached skill level 6 in Maces & Flails
  3212 | D:5      | Noticed Eustachio
  3453 | D:4      | Slain by an ogre

Vanquished Creatures
  A water moccasin (D:5)
  A scorpion (D:4)
  A howler monkey (D:4)
  A hound (D:4)
  A jelly (D:5)
  An iguana (D:4)
  Natasha (twice) (D:4)
  3 gnolls (D:5)
  8 adders (D:2 D:3 D:4 D:5)
  An ufetubus (D:5)
  4 worms (D:2 D:3 D:4)
  3 orcs (D:3 D:4)
  3 bats (D:1 D:2 D:3)
  6 endoplasms (D:1 D:2)
  2 giant cockroaches (D:1)
  7 goblins (D:1 D:2 D:3 D:4)
  8 hobgoblins (D:2 D:3 D:4)
  4 jackals (D:3)
  4 quokkas (D:2 D:3 D:4)
  5 ball pythons (D:1 D:2 D:3 D:4)
  5 frilled lizards (D:1 D:2 D:3)
  A jackal zombie (D:5)
  9 kobolds (D:1 D:2 D:4)
81 creatures vanquished.

Vanquished Creatures (others)
  3 fungi (D:2)
  7 plants (D:2)
10 creatures vanquished.

Grand Total: 91 creatures vanquished

Table legend: (Time is in decaauts)
 A = Elapsed time spent in this place.
 B = Non-inter-level travel time spent in this place.
 C = Inter-level travel time spent in this place.
 D = Time resting spent in this place.
 E = Time spent auto-exploring this place.
 F = Levels seen in this place.
 G = Mean time per level.
                   A        B        C        D        E       F      G
               +--------+--------+--------+--------+--------+-----+--------+
         Total |   3534 |   3430 |    104 |    394 |   2094 |   5 |  706.8 |
       Dungeon |   3534 |   3430 |    104 |    394 |   2094 |   5 |  706.8 |
               +--------+--------+--------+--------+--------+-----+--------+

Top non-repeatable levels by time:
     D:4: 873 daAuts
     D:2: 867 daAuts
     D:1: 812 daAuts
     D:3: 636 daAuts
     D:5: 344 daAuts

Table legend:
 A = Non-vault XP
 B = Vault XP
 C = Vault XP percentage of total XP
 D = Non-vault monster count
 E = Vault monster count
 F = Vault count percentage of total count
                 A         B        C        D         E       F
            +---------+---------+-------+---------+---------+-------
      Total |     709 |      34 |   4.6 |      79 |       2 |   2.5
            +---------+---------+-------+---------+---------+-------
        D:1 |      23 |       0 |   0.0 |      15 |       0 |   0.0
        D:2 |      60 |       0 |   0.0 |      18 |       0 |   0.0
        D:3 |      61 |       0 |   0.0 |      17 |       0 |   0.0
        D:4 |     305 |      33 |   9.8 |      21 |       1 |   4.5
        D:5 |     260 |       1 |   0.4 |       8 |       1 |  11.1
            +---------+---------+-------+---------+---------+-------
